 Dungeon Crawl Stone Soup version 0.31-a0-263-ge8cad7f256 (webtiles) character file.

Game seed: 3960048166727936348

196 qw the Shooter (level 5, -1/45 HPs)
             Began as a Minotaur Hexslinger on July 13, 2023.
             Succumbed to a scorpion's poison
             ... on level 4 of the Dungeon.
             The game lasted 00:00:59 (2355 turns).

qw the Shooter (Minotaur Hexslinger)                Turns: 2355, Time: 00:00:59

Health: -1/45      AC:  7    Str: 12    XL:     5   Next: 46%
Magic:  5/5        EV: 12    Int: 10    God:
Gold:   136        SH:  0    Dex: 15    Spells: 5/6 levels left

rFire   . . .        Y - +2 sling
rCold   . . .        (no shield)
rNeg    . . .        a - +0 leather armour
rPois   .            (helmet restricted)
rElec   .            (no cloak)
rCorr   .            f - +0 pair of gloves
SInv    +            c - +2 pair of boots
Will    .....        (no amulet)
Stlth   +            d - ring of see invisible
HPRegen 0.27/turn    (no ring)
MPRegen 0.09/turn

%: no passive effects
@: lethally poisoned (-1 -> -2), about to teleport
A: horns 2, retaliatory headbutt
a: no special abilities


You were on level 4 of the Dungeon.
You visited 1 branch of the dungeon, and saw 4 of its levels.

You collected 136 gold pieces.


Innate Abilities, Weirdness & Mutations

You have a pair of horns on your head.
You reflexively headbutt those who attack you in melee.


   Skills:
 - Level 3.2 Fighting
 + Level 5.0 Ranged Weapons
 - Level 2.5 Armour
 - Level 2.1 Dodging
 - Level 1.0 Spellcasting
 - Level 2.0 Hexes


You had 5 spell levels left.
You knew the following spells:

 Your Spells              Type           Power      Damage    Failure   Level
a - Slow                  Hex            16%        N/A       19%         1

Your spell library contained the following spells:

 Spells                   Type           Power      Damage    Failure   Level
 Inner Flame              Hex/Fire       2%         N/A       65%         3
 Portal Projectile        Hex/Tloc       4%         N/A       65%         3
 Cause Fear               Hex            2%         N/A       88%         4

Inventory:

Hand Weapons
 Y - a +2 sling (weapon)
Armour
 a - a +0 leather armour (worn)
 b - a +0 ring mail
 c - a +2 pair of boots (worn)
 f - a +0 pair of gloves (worn)
Jewellery
 d - a ring of see invisible (left hand)
Scrolls
 i - a scroll of identify
 j - 2 scrolls of teleportation
Potions
 e - a potion of might
 k - a potion of curing
 l - a potion of lignification {unknown}
 m - a potion of mutation {unknown}

Dungeon Overview and Level Annotations

Branches:
Dungeon (4/15)             Temple (0/1) D:4

Altars:

Portals:
Sewer: D:3


Message History

You feel very sick. The scorpion barely misses you. The scorpion stings you.
You are more poisoned.
The scorpion poisons you!
You shoot a sling bullet.
The sling bullet closely misses the scorpion.
You feel very sick. The scorpion stings you.
You shoot a sling bullet.
The sling bullet hits the scorpion but does no damage.
The scorpion is heavily wounded.
You feel very sick. The scorpion stings you. x2
You shoot a sling bullet.
The sling bullet closely misses the scorpion.
You feel very sick. The scorpion barely misses you. You furiously retaliate!
You headbutt the scorpion. You shoot a sling bullet.
The sling bullet closely misses the scorpion.
You feel sick. The scorpion barely misses you. You furiously retaliate!
You headbutt the scorpion. The scorpion stings you.
You shoot a sling bullet.
The sling bullet hits the scorpion but does no damage.
The scorpion is almost dead.
You feel sick. The scorpion barely misses you.
2352 ||| READING 3 scrolls of teleportation.
As you read the scroll of teleportation, it crumbles to dust.
You feel strangely unstable.
You feel sick.
The scorpion stings you but does no damage.
You shoot a sling bullet.
The sling bullet closely misses the scorpion.
You feel sick. The scorpion stings you. x2
You shoot a sling bullet.
The sling bullet barely misses the scorpion.
You feel sick. The scorpion closely misses you.
You shoot a sling bullet. The sling bullet hits the scorpion.
You kill the scorpion!
You die...

#. ............#
#... ............#
#... ............#
#####...
............#
+.......
..^.........+
#.......
............#
#.......
......%.....#
#...... #.@....#
##...... #......#
#....... #.)....#
#....... #.....%#
+....... #?.....#
#....... #......#
##......
#......######...##.
#......#...##...##.
#......#....#....#.


There were no monsters in sight!

Vanquished Creatures
  2 scorpions (D:4)
  Jessica (D:3)
  A sleepcap (D:4)
  An adder (D:2)
  4 worms
  A dart slug (D:3)
  4 ball pythons
  6 endoplasms
  4 giant cockroaches
  5 goblins
  7 hobgoblins
  5 jackals (D:1)
  5 kobolds
  3 quokkas
  6 bats
  3 frilled lizards
  5 rats
63 creatures vanquished.

Notes
Turn   | Place    | Note
-------+----------+-------------------------------------------
     0 | D:1      | qw the Minotaur Hexslinger began the quest for the Orb.
     0 | D:1      | Reached XP level 1. HP: 16/16 MP: 1/1
     0 | D:1      | 0 ||| qw: Version: 0.3-a-52-g30416fa
     0 | D:1      | 0 ||| qw: Game counter: 7093
     0 | D:1      | 0 ||| qw: Melee chars always use a shield: true
     0 | D:1      | 0 ||| qw: God list: Okawaru
     0 | D:1      | 0 ||| qw: Allow faded altars: false
     0 | D:1      | 0 ||| qw: Do Orc after clearing Dungeon:15 true
     0 | D:1      | 0 ||| qw: Do second Lair branch before Depths: true
     0 | D:1      | 0 ||| qw: Lair rune preference: random
     0 | D:1      | 0 ||| qw: Goals: Normal
     0 | D:1      | 0 ||| PLANNING D:1-11
   137 | D:1      | Reached skill level 3 in Ranged Weapons
   137 | D:1      | Reached XP level 2. HP: 23/23 MP: 2/2
   456 | D:1      | 456 ||| Stepping ~*~*~tactically~*~*~ (outnumbered).
   464 | D:1      | 464 ||| FLEEEEING.
   465 | D:1      | 465 ||| FLEEEEING.
   466 | D:1      | 466 ||| FLEEEEING.
   467 | D:1      | 467 ||| FLEEEEING.
   468 | D:1      | 468 ||| FLEEEEING.
   469 | D:1      | 469 ||| FLEEEEING.
   470 | D:1      | 470 ||| FLEEEEING.
   471 | D:1      | 471 ||| FLEEEEING.
   472 | D:1      | 472 ||| FLEEEEING.
   473 | D:1      | 473 ||| FLEEEEING.
   474 | D:1      | 474 ||| FLEEEEING.
   475 | D:1      | 475 ||| FLEEEEING.
   476 | D:1      | 476 ||| FLEEEEING.
   477 | D:1      | 477 ||| FLEEEEING.
   478 | D:1      | 478 ||| FLEEEEING.
   479 | D:1      | 479 ||| FLEEEEING.
   481 | D:1      | 481 ||| FLEEEEING.
   482 | D:1      | 482 ||| FLEEEEING.
   924 | D:1      | 924 ||| UPGRADING to ring of see invisible.
   925 | D:1      | 925 ||| READING scroll labelled HUTWAV DOEG.
   926 | D:1      | 926 ||| READING scroll labelled WABAWA VOHIQE.
   927 | D:1      | 927 ||| READING 2 scrolls labelled PAVVIUCI MIVASK.
   928 | D:1      | 928 ||| READING 3 scrolls labelled EFOEPROLI.
   932 | D:1      | 932 ||| DRINKING 2 fuming brown potions.
   933 | D:1      | 933 ||| DROPPING scroll of poison.
   965 | D:2      | Reached XP level 3. HP: 27/29 MP: 3/3
   970 | D:2      | 970 ||| FLEEEEING.
   971 | D:2      | 971 ||| FLEEEEING.
   972 | D:2      | 972 ||| FLEEEEING.
  1070 | D:2      | Reached skill level 4 in Ranged Weapons
  1448 | D:2      | 1448 ||| UPGRADING to +0 leather armour.
  1458 | D:2      | 1458 ||| DROPPING +0 robe.
  1459 | D:2      | 1459 ||| DROPPING ring of flight.
  1460 | D:2      | 1460 ||| READING scroll labelled IVOSIU GA YCEQUTH.
  1461 | D:2      | 1461 ||| READING scroll labelled FOJEEZI JIDORGH.
  1484 | D:3      | 1484 ||| PLANNING SEWER
  1498 | D:3      | Noticed Jessica
  1505 | D:3      | Killed Jessica
  1506 | D:3      | Reached XP level 4. HP: 34/36 MP: 4/4
  1514 | D:3      | Reached skill level 5 in Ranged Weapons
  1698 | D:3      | Identified the +0 chain mail of Kleptomania {Contam rN++
                  | Str+3}
  1899 | D:3      | Found a glowing drain.
  1962 | D:3      | 1962 ||| RIP SEWER
  1962 | D:3      | 1962 ||| PLANNING D:1-11
  1962 | D:3      | 1962 ||| UPGRADING to +2 pair of boots.
  1967 | D:3      | 1967 ||| UPGRADING to +0 pair of gloves.
  1972 | D:3      | 1972 ||| READING scroll labelled VUERGH QYZ QEPS.
  1973 | D:3      | 1973 ||| READING scroll labelled HEIZ WINATO.
  1974 | D:3      | 1974 ||| READING 3 scrolls of identify.
  1974 | D:3      | 1974 ||| IDENTIFYING murky clear potion
  1975 | D:3      | 1975 ||| READING 2 scrolls of identify.
  1975 | D:3      | 1975 ||| IDENTIFYING fuming silvery potion
  1976 | D:3      | 1976 ||| DROPPING potion of degeneration.
  2004 | D:4      | Found a staircase to the Ecumenical Temple.
  2005 | D:4      | 2005 ||| PLANNING TEMPLE
  2026 | D:4      | Reached skill level 3 in Fighting
  2026 | D:4      | Reached XP level 5. HP: 27/45 MP: 5/5
  2202 | D:4      | HP: 11/45 [poisoned by a scorpion]
  2351 | D:4      | HP: 11/45 [poisoned by a scorpion]
  2352 | D:4      | 2352 ||| READING 3 scrolls of teleportation.
  2353 | D:4      | HP: 2/45 [scorpion (4)]
  2355 | D:4      | Succumbed to a scorpion's poison

Levels and vault maps discovered:
D:1:      dpeg_arrival_more_subterranean_lakeside_camping, layout_basic
D:2:      layout_basic
D:3:      layout_rooms, gup_sewer_entry_glass, uniq_jessica
D:4:      layout_gridville, temple_pool_b, kennysheep_generic_room_11

Skill      XL: |  1  2  3  4  5 |
---------------+----------------+-----
Ranged Weapons | 3 4 5 |  5.0
Fighting       | 2 3 |  3.2
Armour         | 2 |  2.5
Dodging        | |  2.1
Spellcasting   | |  1.0
Hexes          | |  2.0

Action                     |  1- 3 |  4- 6 || total
---------------------------+-------+-------++-------
   Fire: Sling             |   134 |    79 ||   213
    Use: Scroll            |     6 |     5 ||    11
         Potion            |     1 |       ||     1
 Armour: Robe              |    10 |       ||    10
         Leather armour    |     1 |     7 ||     8
  Dodge: Dodged            |    45 |    22 ||    67

Table legend:
 A = Non-vault XP
 B = Vault XP
 C = Vault XP percentage of total XP
 D = Non-vault monster count
 E = Vault monster count
 F = Vault count percentage of total count
                 A         B        C        D         E       F
            +---------+---------+-------+---------+---------+-------
      Total |     323 |      37 |  10.3 |      62 |       1 |   1.6
            +---------+---------+-------+---------+---------+-------
        D:1 |      36 |       0 |   0.0 |      21 |       0 |   0.0
        D:2 |      57 |       0 |   0.0 |      22 |       0 |   0.0
        D:3 |      29 |      37 |  56.1 |      13 |       1 |   7.1
        D:4 |     201 |       0 |   0.0 |       6 |       0 |   0.0
            +---------+---------+-------+---------+---------+-------
